 Dungeon Crawl Stone Soup version 0.19.0-18-g426998a (console) character file.

141531 Kloppie the Fencer (level 16, -6/211 HPs)
             Began as a Demonspawn Berserker on Nov 12, 2016.
             Was the Champion of Trog.
             Mangled by a swamp dragon (22 damage)
             ... called by a spriggan druid
             ... on level 4 of the Swamp.
             The game lasted 01:01:48 (32515 turns).

Kloppie the Fencer (Demonspawn Berserker)          Turns: 32515, Time: 01:01:49

Health: -6/211     AC: 22    Str: 23    XL:     16   Next: 78%
Magic:  11/25      EV: 15    Int: 10    God:    Trog [******]
Gold:   1716       SH:  5    Dex: 11    Spells: 0 memorised, 15 levels left

rFire  + + +     SeeInvis .     b - +1 scimitar (flame)
rCold  . . .     Gourm    .     n - +0 chain mail of a volcano {rElec rN+ MP+9}
rNeg   + . .     Faith    +     o - +0 buckler
rPois  +         Spirit   .     (helmet restricted)
rElec  +         Reflect  .     t - +0 cloak
rCorr  .         Harm     .     s - +1 pair of gloves
MR     ++++.                    x - +0 pair of boots
Stlth  ..........               k - amulet of the Evening {Faith rF+ MR+ Dex-5}
                                y - +3 ring of evasion
                                i - ring of poison resistance

@: berserking, lethally poisoned (-6 -> -6), regenerating, very quick
A: antennae 2, molten scales 3, clumsy 1, fire resistance 1, spiny 3, flame
cloud immunity
a: Berserk, Trog's Hand, Brothers in Arms, Burn Spellbooks, Renounce Religion


You were on level 4 of the Swamp.
You worshipped Trog.
Trog was exalted by your worship.
You were near starving.

You visited 4 branches of the dungeon, and saw 26 of its levels.
You also visited: Labyrinth, Ossuary and Ice Cave.

You collected 3393 gold pieces.
You spent 1677 gold pieces at shops.

Inventory:

Hand Weapons
 a - a +9 antimagic double sword
 b - a +1 scimitar of flaming (weapon)
 e - the +7 shortbow "Wabu" {velocity, MR++ Str-2 Int+4}
   (You took it off a minotaur in a labyrinth)

   Any arrow fired from it inflicts extra damage.
   It affects your strength (-2).
   It affects your intelligence (+4).
   It affects your resistance to hostile enchantments.
 S - a +2 antimagic double sword
Armour
 n - the +0 chain mail of a volcano (worn) {rElec rN+ MP+9}
   (You found it on level 1 of the Lair of Beasts)

   It insulates you from electricity.
   It protects you from negative energy.
   It affects your magic capacity (+9).
 o - a +0 buckler (worn)
 p - a +0 plate armour of cold resistance
 s - a +1 pair of gloves (worn)
 t - a +0 cloak (worn)
 x - a +0 pair of boots (worn)
Jewellery
 i - a ring of poison resistance (left hand)
 k - the amulet of the Evening (around neck) {Faith rF+ MR+ Dex-5}
   (You found it on level 8 of the Dungeon)

   [amulet of faith]

   It allows you to gain divine favour quickly.
   It affects your dexterity (-5).
   It protects you from fire.
   It affects your resistance to hostile enchantments.
 q - an uncursed amulet of guardian spirit
 v - an uncursed ring of ice
 y - a +3 ring of evasion (right hand)
 I - an uncursed ring of resist corrosion
 L - an uncursed amulet of magic regeneration {unknown}
 P - the amulet of Vitality {Regen+ HP+15}
   (You found it in an ice cave)

   [amulet of regeneration]

   It affects your health (+15).
   It increases your rate of regeneration.
 Y - an uncursed ring of wizardry {unknown}
Wands
 C - a wand of digging (21/24)
 D - a wand of disintegration (8/24)
 F - a wand of digging (6/24)
 T - a wand of disintegration (10/24)
Scrolls
 g - a scroll of teleportation
 h - 13 scrolls of remove curse
 j - 5 scrolls of enchant armour
 l - 5 scrolls of recharging
 m - 3 scrolls of magic mapping
 E - 5 scrolls of fear
 N - 2 scrolls of fog
 R - 10 scrolls of identify
 U - 2 scrolls of acquirement
 W - a scroll of enchant weapon
Potions
 d - 9 potions of curing
 w - 5 potions of heal wounds
 z - 3 potions of haste
 A - 4 potions of cure mutation
 H - 8 potions of might
 K - 4 potions of invisibility
 M - 2 potions of agility
 O - a potion of resistance
 Q - 2 potions of flight
 Z - a potion of brilliance
Miscellaneous
 J - a box of beasts
Comestibles
 c - 12 meat rations
 f - 23 fruits
 r - 5 beef jerkies
 u - 13 bread rations
 G - 12 slices of pizza


   Skills:
 + Level 17.0 Fighting
 - Level 17.1 Long Blades
 - Level 12.6 Armour
 - Level 7.5 Dodging
 - Level 4.4 Shields


You had 15 spell levels left.
You didn't know any spells.

Dungeon Overview and Level Annotations

Branches:
Dungeon (14/15)            Temple (0/1) D:6            Lair (6/6) D:10
  Swamp (4/4) Lair:4       Spider (0/4) Lair:3        Slime (0/5) Lair:6
    Orc (2/2) D:11            Elf (0/3) Orc:2        Vaults (0/5) D:13

Altars:
Ashenzari
Elyvilon
Fedhas
Kikubaaqudgha
Makhleb
Qazlal
Trog
Uskayaw
Xom
Yredelemnul
Zin
Beogh
Jiyva

Shops:
D:6 [   Orc:2 =*(*

Annotations:
D:3 1 runed door
D:10 4 runed doors


Innate Abilities, Weirdness & Mutations

You have a pair of antennae on your head.
You are completely covered in molten scales. (AC +4, rF+)
Your flesh is heat resistant. (rF+)
You are completely covered in sharp spines.
You are immune to clouds of flame.
You are clumsy. (Dex -2)


Message History

The swamp dragon bites you!
* * * LOW HITPOINT WARNING * * *
The swamp dragon claws you!
* * * LOW HITPOINT WARNING * * *
The swamp dragon closely misses you.
You barely miss the swamp dragon.
The swamp dragon is almost dead.
You feel sick.
A red film seems to cover your vision as you go berserk!
You feel yourself moving faster!
You feel mighty!
You are feeling very hungry.
The swamp dragon breathes poison at you.
The blast of poison misses you.
You are near starving!
You barely miss the swamp dragon.
The swamp dragon is almost dead.
You feel sick.
The swamp dragon is struck by your spines.
The swamp dragon bites you!!
You die...

♣♣♣♣ ♣♣♣.≈♣ ♣..≈♣♣ ♣♣≈≈.♣
♣♣≈§≈.♣♣ ♣≈..≈..♣ ♣♣≈≈≈§§§♣♣
♣♣♣♣♣♣♣ ♣.≈≈≈§@§.♣♣ ♣♣.≈≈≈<♣
♣.≈≈≈≈§§D≈≈♣♣ ♣§≈≈≈≈÷♣♣♣
.≈≈≈≈≈≈..≈≈≈≈♣♣♣..≈≈≈)..♣
.=.≈≈.≈≈≈♣.≈≈.§.[...≈≈.)†)♣
i≈≈≈...≈♣♣♣♣≈≈≈≈≈≈≈≈≈≈≈≈.≈§≈♣
.≈≈≈.♣♣♣♣ ♣.≈≈≈≈≈≈≈≈≈≈≈≈.≈≈.♣
≈≈≈≈≈ ♣≈§≈≈≈≈≈≈≈≈≈≈....≈♣
i≈≈≈≈ ♣♣≈...<...≈≈≈.≈≈≈.♣
.≈♣♣♣......≈≈≈≈≈≈.♣


You could see a swamp dragon.

Vanquished Creatures
  Jorgrun (Swamp:4)
  Rupert (Lair:2)
  Frances (Lair:4)
  A frost giant (IceCv)
  Louise (Swamp:1)
  A minotaur (Lab)
  A fire dragon (D:14)
  4 vault guards (D:13)
  A ghost crab (Swamp:3)
  The ghost of eggzz the Carver, a journeyman MiBe of Trog (Orc:2)
  2 catoblepae
  21 hydras
  An ogre mage (D:13)
  2 centaur warriors
  8 alligators
  The ghost of StoryTimeSA the Archer, a journeyman DEHu of Vehumet (Lair:3)
  11 death yaks
  3 orc high priests (Orc:2)
  A deep elf knight (D:13)
  A spriggan druid (Swamp:4)
  2 wizards (D:11)
  A deep elf archer (D:13)
  4 swamp dragons
  An unseen horror (D:14)
  2 lindwurms (Swamp:4)
  2 orc knights
  2 shambling mangroves
  6 ugly things
  Pikel (D:8)
  4 hill giants
  A mana viper (shapeshifter) (D:14)
  4 orc sorcerers (Orc:2)
  2 cyclopes
  4 deep elf magi
  An elephant (Lair:6)
  A manticore (D:11)
  3 black mambas
  Joseph (D:10)
  An ice statue (IceCv)
  5 gargoyles
  32 spiny frogs
  4 centaur skeletons
  2 kobold demonologists (D:11)
  A torpor snail (Lair:2)
  2 efreet (D:14)
  The ghost of frd the Skirmisher, a novice GrBe of Trog (D:5)
  12 komodo dragons
  A tengu conjurer (D:13)
  6 tyrant leeches
  17 hornets
  4 two-headed ogres
  21 polar bears
  3 trolls
  A meliai (D:14)
  5 bog bodies
  33 blink frogs
  8 slime creatures
  Grinder (D:4)
  A meliai zombie (D:11)
  9 hippogriffs
  Sigmund (D:4)
  2 shadows
  2 redbacks (Lair:6)
  17 spriggans
  Grum (D:11)
  3 wyverns
  50 yaks
  A wraith (D:13)
  A human (D:8)
  2 steam dragons
  13 vampire mosquitoes
  3 basilisks
  Menkaure (D:4)
  A mottled dragon (D:13)
  17 swamp worms
  3 wargs
  16 water moccasins
  6 porcupines
  7 swamp drakes
  4 black bears (Lair:6)
  25 orc warriors
  7 sky beasts
  6 ice beasts
  3 phantoms
  4 necrophages
  15 ogres
  62 wolves
  3 boggarts (Lair:6)
  16 centaurs
  6 crocodiles
  3 big kobolds
  15 bullfrogs
  A wyvern zombie (D:10)
  9 scorpions
  9 killer bees
  4 howler monkeys
  7 wights
  6 electric eels
  5 crimson imps
  3 centaur zombies
  3 bullfrog zombies
  6 jellies
  29 orc priests
  8 hounds
  21 orc wizards
  Jessica (D:2)
  3 bullfrog skeletons
  Ijyb (D:3)
  6 hell rats (Lair:6)
  7 iguanas
  10 worker ants
  A big kobold zombie (Ossuary)
  A bullfrog simulacrum (D:9)
  The ghost of sheala the Sneak, a weakling DDEn (Ossuary)
  6 hound zombies
  A hound skeleton (D:9)
  3 mummies (Ossuary)
  3 worker ant zombies
  4 gnolls (Orc:2)
  11 adders
  3 shadow imps
  14 white imps
  An ooze (D:3)
  2 adder zombies (Ossuary)
  2 worms
  2 dart slugs
  7 leopard geckos
  70 orcs
  A ball python (D:1)
  7 bats
  9 giant cockroaches
  2 gnoll zombies (Ossuary)
  9 hobgoblins
  6 jackals
  3 quokkas
  4 frilled lizards
  A giant cockroach zombie (D:5)
  5 goblins
  6 goblin zombies (Ossuary)
  6 hobgoblin zombies (Ossuary)
  A jackal zombie (Ossuary)
  15 kobolds
  4 kobold zombies (Ossuary)
  4 orc zombies (Ossuary)
  7 quokka zombies (Ossuary)
  4 rats
  2 rat zombies (Ossuary)
959 creatures vanquished.

Vanquished Creatures (collateral kills)
  An orc high priest (Orc:2)
  An orc sorcerer (Orc:2)
  An orc warrior (Orc:2)
  2 orc priests (Orc:2)
  3 orc wizards (Orc:2)
  An orc (Orc:2)
9 creatures vanquished.

Vanquished Creatures (others)
  An unseen horror (D:10)
  A spriggan druid (Swamp:4)
  An orc priest (D:8)
  3 orc wizards
  5 orcs
  A quokka (D:8)
  4 fungi
  38 plants
54 creatures vanquished.

Grand Total: 1022 creatures vanquished

Notes
Turn   | Place    | Note
-------+----------+-------------------------------------------
     0 | D:1      | Kloppie the Demonspawn Berserker began the quest for the Orb.
     0 | D:1      | Reached XP level 1. HP: 18/18 MP: 1/1
    96 | D:1      | Gained mutation: You are partially covered in sharp spines. [demonic ancestry]
    96 | D:1      | Reached XP level 2. HP: 13/24 MP: 2/2
   983 | D:1      | Reached ** piety under Trog
  1111 | D:2      | Reached XP level 3. HP: 29/29 MP: 3/3
  1137 | D:2      | Noticed Jessica
  1141 | D:2      | Killed Jessica
  1141 | D:2      | Reached skill level 1 in Shields
  1405 | D:2      | Gained mutation: You have a pair of small antennae on your head. [demonic ancestry]
  1405 | D:2      | Reached XP level 4. HP: 35/35 MP: 4/4
  1489 | D:3      | Gained mutation: You are partially covered in molten scales. (AC +2) [demonic ancestry]
  1489 | D:3      | Reached XP level 5. HP: 29/41 MP: 5/5
  1901 | D:3      | Found a runed door.
  2035 | D:3      | Noticed Ijyb
  2046 | D:3      | Killed Ijyb
  2429 | D:4      | Noticed Grinder
  2433 | D:4      | Noticed Sigmund
  2446 | D:4      | Killed Sigmund
  2446 | D:4      | Reached skill level 5 in Long Blades
  2446 | D:4      | Gained mutation: You are mostly covered in molten scales. (AC +3) [demonic ancestry]
  2446 | D:4      | Reached XP level 6. HP: 32/47 MP: 6/6
  2614 | D:4      | Killed Grinder
  2614 | D:4      | Reached XP level 7. HP: 46/52 MP: 7/7
  2797 | D:4      | Found a stormy altar of Qazlal.
  2833 | D:4      | Found a glowing silver altar of Zin.
  2833 | D:4      | Noticed an angel
  3069 | D:4      | Noticed Menkaure
  3075 | D:4      | Killed Menkaure
  3138 | D:5      | Entered Level 5 of the Dungeon
  3158 | D:5      | Reached *** piety under Trog
  3270 | D:5      | Found a sand-covered staircase.
  3292 | Ossuary  | Entered an ossuary
  3292 | Ossuary  | Noticed sheala's ghost (weakling DDEn)
  3296 | Ossuary  | Killed sheala's ghost
  3384 | Ossuary  | Reached skill level 5 in Fighting
  3475 | Ossuary  | Reached **** piety under Trog
  3478 | Ossuary  | Reached XP level 8. HP: 55/62 MP: 8/8
  3919 | D:5      | Found a hide-covered altar of Uskayaw.
  3920 | D:5      | Found an ancient bone altar of Kikubaaqudgha.
  3924 | D:5      | Found a burning altar of Makhleb.
  4151 | D:5      | Noticed frd's ghost (novice GrBe)
  4158 | D:5      | Killed frd's ghost
  4449 | D:6      | Got a scorched leather armour
  4460 | D:6      | Identified the cursed +0 leather armour of Peek-a-Boo {rPois rC+ rN+ Int-4} (You found it on level 6 of the Dungeon)
  4590 | D:6      | Found Siullio's Antique Armour Shop.
  4623 | D:6      | Bought an agate-encrusted ring mail for 216 gold pieces
  4634 | D:6      | Identified the +4 ring mail of the Wilderness {Dex+3} (You bought it in a shop on level 6 of the Dungeon)
  4823 | D:6      | Gained mutation: Your flesh is heat resistant. (rF+) [demonic ancestry]
  4823 | D:6      | Reached XP level 9. HP: 72/72 MP: 7/9
  5099 | D:6      | Found a staircase to the Ecumenical Temple.
  5164 | D:6      | Reached ***** piety under Trog
  5268 | D:6      | Identified a scroll of acquirement
  5269 | D:6      | Got a crude triple crossbow
  5903 | D:7      | Received a gift from Trog
  6724 | D:8      | Got a scorched ruby amulet
  6740 | D:8      | Identified the Compendium of Unholy Secrets and Toxins
  6764 | D:8      | Noticed Pikel
  6784 | D:8      | Killed Pikel
  6784 | D:8      | Gained mutation: You are mostly covered in sharp spines. [demonic ancestry]
  6784 | D:8      | Reached XP level 10. HP: 57/82 MP: 6/10
  6813 | D:8      | Identified the amulet of the Evening {Faith rF+ MR+ Dex-5} (You found it on level 8 of the Dungeon)
  6846 | D:8      | Reached skill level 10 in Long Blades
  6851 | D:8      | Found a basalt altar of Yredelemnul.
  7356 | D:6      | Bought a warped ring mail for 216 gold pieces
  7366 | D:6      | Identified the cursed +0 ring mail of Diggoow {Regen+ Str+5 Int+2 Dex+4} (You bought it in a shop on level 6 of the Dungeon)
  7371 | D:6      | Identified the +6 triple crossbow of Untahex {penet, rF+ Str+2 Dex+3} (You acquired it on level 6 of the Dungeon)
  7445 | D:9      | Reached skill level 5 in Armour
  7540 | D:9      | Found a shattered altar of Ashenzari.
  7646 | D:9      | Found a blossoming altar of Fedhas.
  7647 | D:9      | Found a bloodstained altar of Trog.
  7687 | D:9      | Received a gift from Trog
  7742 | D:9      | Found a shimmering altar of Xom.
  8228 | D:10     | Entered Level 10 of the Dungeon
  8320 | D:10     | Noticed a death yak
  8321 | D:10     | Found a huge runed gate.
  8321 | D:10     | Found a huge runed gate.
  8321 | D:10     | Found a huge runed gate.
  8322 | D:10     | Found a huge runed gate.
  8336 | D:10     | Noticed a gargoyle
  8344 | D:10     | Killed a gargoyle
  8459 | D:10     | Gained mutation: You are completely covered in molten scales. (AC +4, rF+) [demonic ancestry]
  8459 | D:10     | Reached XP level 11. HP: 81/86 MP: 11/11
  8578 | D:10     | Noticed Joseph
  8595 | D:10     | Killed Joseph
  8669 | D:10     | Killed an unseen horror
  8957 | D:10     | Found a staircase to the Lair.
  9226 | D:11     | Received a gift from Trog
  9600 | D:11     | Noticed a deep elf mage
  9603 | D:11     | Noticed a deep elf mage
  9614 | D:11     | Killed a deep elf mage
  9620 | D:11     | Killed a deep elf mage
  9795 | D:11     | Noticed Grum
  9799 | D:11     | Noticed a green ugly thing
  9803 | D:11     | Noticed a cyan ugly thing
  9839 | D:11     | Killed a cyan ugly thing
  9845 | D:11     | Killed a purple ugly thing
  9850 | D:11     | Killed Grum
 10073 | D:11     | Reached XP level 12. HP: 49/93 MP: 12/12
 10219 | D:11     | Found a staircase to the Orcish Mines.
 10418 | D:11     | Identified Vihio's Tome of Creative Snow
 10545 | Lair:1   | Entered Level 1 of the Lair of Beasts
 10808 | Lair:1   | Received a gift from Trog
 11030 | Lair:1   | Found a white marble altar of Elyvilon.
 11113 | Lair:1   | Reached skill level 10 in Fighting
 11265 | Lair:1   | Noticed a six-headed hydra
 11440 | Orc:1    | Entered Level 1 of the Orcish Mines
 11704 | Orc:2    | Entered Level 2 of the Orcish Mines
 12184 | Orc:2    | Reached ****** piety under Trog
 12564 | Orc:2    | Noticed eggzz's ghost (journeyman MiBe)
 12583 | Orc:2    | Killed eggzz's ghost
 13137 | Orc:2    | Found a staircase to the Elven Halls.
 13152 | Orc:2    | Received a gift from Trog
 13514 | Orc:2    | Noticed an orc high priest
 13528 | Orc:2    | Killed an orc high priest
 13775 | Orc:2    | Noticed an orc high priest
 13778 | Orc:2    | Paralysed by an orc sorcerer for 6 turns
 13792 | Orc:2    | Killed an orc high priest
 13792 | Orc:2    | Gained mutation: You are immune to clouds of flame. [demonic ancestry]
 13792 | Orc:2    | Reached XP level 13. HP: 43/106 MP: 4/13
 13943 | Orc:2    | Found Sawnaix's Assorted Antiques.
 13943 | Orc:2    | Found Saeth's Assorted Antiques.
 13944 | Orc:2    | Found Leqec's Jewellery Shoppe.
 13947 | Orc:2    | Found Rurcheoc's Weapon Emporium.
 13953 | Orc:2    | Bought a scroll of identify for 74 gold pieces
 13953 | Orc:2    | Bought an ichor-stained double sword for 740 gold pieces
 13953 | Orc:2    | Bought a scroll of identify for 74 gold pieces
 13953 | Orc:2    | Identified the +11 double sword of Kloppie's Doom {freeze, Dex+9} (You bought it in a shop on level 2 of the Orcish Mines)
 13956 | Orc:2    | Bought a cursed -2 ring of evasion for 28 gold pieces
 13956 | Orc:2    | Bought a cursed -2 ring of intelligence for 28 gold pieces
 13957 | Orc:2    | Bought a scroll labeled YLETOT LUACOUPN for 21 gold pieces
 14029 | Orc:2    | Gained mutation: You are clumsy. (Dex -2) [a neqoxec]
 14242 | Orc:2    | Found a roughly hewn altar of Beogh.
 16012 | Lair:1   | Reached skill level 10 in Armour
 16253 | Lair:1   | Got a brightly glowing chain mail
 16264 | Lair:1   | Identified the cursed +0 chain mail of a volcano {rElec rN+ MP+9} (You found it on level 1 of the Lair of Beasts)
 16451 | Lair:2   | Reached skill level 15 in Long Blades
 18007 | Lair:3   | Found a frozen archway.
 18029 | Lair:3   | Received a gift from Trog
 18060 | IceCv    | Entered an ice cave
 18431 | IceCv    | Gained mutation: You are completely covered in sharp spines. [demonic ancestry]
 18431 | IceCv    | Reached XP level 14. HP: 92/115 MP: 7/14
 18771 | IceCv    | Received a gift from Trog
 18842 | IceCv    | Noticed a frost giant
 18861 | IceCv    | Killed a frost giant
 19595 | Lair:3   | Found a hole to the Spider Nest.
 19649 | Lair:3   | Noticed Rupert
 19658 | Lair:3   | Paralysed by Rupert for 3 turns
 19669 | Lair:3   | Noticed StoryTimeSA's ghost (journeyman DEHu)
 19670 | Lair:3   | Paralysed by Rupert for 3 turns
 19839 | Lair:2   | Killed Rupert
 20159 | Lair:3   | Killed StoryTimeSA's ghost
 20827 | Lair:4   | Found a staircase to the Swamp.
 21342 | Lair:5   | Received a gift from Trog
 21343 | Lair:5   | Got a bloodstained long sword {god gift}
 21366 | Lair:5   | Identified the +3 long sword of Ravage {antimagic, +Inv rPois rC+ Dex+3} (Trog gifted it to you on level 5 of the Lair of Beasts)
 22080 | Lair:6   | Entered Level 6 of the Lair of Beasts
 22376 | Lair:6   | Found a labyrinth entrance.
 22443 | Lab      | Entered a labyrinth
 22963 | Lab      | Got an uncursed shimmering shortbow {velocity}
 22992 | Lab      | Identified the Volume of Earth and Dislocation
 23939 | Lair:6   | Found a viscous altar of Jiyva.
 23939 | Lair:6   | Found a staircase to the Slime Pits.
 24017 | Lair:6   | Gained mutation: You have a pair of antennae on your head. [demonic ancestry]
 24017 | Lair:6   | Reached XP level 15. HP: 114/125 MP: 8/15
 24095 | Lair:6   | Received a gift from Trog
 24187 | Lair:6   | Reached skill level 5 in Dodging
 24979 | Lair:6   | Identified the +7 shortbow "Wabu" {velocity, MR++ Str-2 Int+4} (You took it off a minotaur in a labyrinth)
 25216 | D:11     | Received a gift from Trog
 25305 | Orc:2    | Bought an uncursed ring of poison resistance for 280 gold pieces
 25554 | Swamp:1  | Entered Level 1 of the Swamp
 25906 | Swamp:1  | Noticed Frances
 25928 | Lair:4   | Killed Frances
 26302 | Swamp:1  | Noticed Louise
 26321 | Swamp:1  | Killed Louise
 27869 | Swamp:2  | Received a gift from Trog
 28545 | D:13     | Reached XP level 16. HP: 90/134 MP: 8/16
 28826 | D:13     | Found a gate to the Vaults.
 29154 | D:14     | Found a white marble altar of Elyvilon.
 29287 | D:14     | Reached skill level 15 in Fighting
 30383 | Swamp:2  | Received a gift from Trog
 31359 | Swamp:4  | Entered Level 4 of the Swamp
 32272 | Swamp:4  | Received a gift from Trog
 32464 | Swamp:4  | Noticed Jorgrun
 32491 | Swamp:4  | Killed Jorgrun
 32515 | Swamp:4  | Mangled by a swamp dragon

Skill      XL: |  1  2  3  4  5  6  7  8  9 10 11 12 13 14 15 16 |
---------------+-------------------------------------------------+-----
Long Blades    | 3 4 5 6 8 9 11 12 14 15 16 17 | 17.1
Shields        | 1 2 3 4 |  4.4
Fighting       | 5 7 8 11 12 13 14 17 | 17.0
Armour         | 3 6 9 11 12 | 12.6
Dodging        | 3 7 |  7.5

Action                   |  1- 3 |  4- 6 |  7- 9 | 10-12 | 13-15 | 16-18 || total
-------------------------+-------+-------+-------+-------+-------+-------++-------
Melee: Falchion          |    65 |   102 |   273 |       |       |       ||   440
       Long sword        |       |       |   114 |   457 |       |       ||   571
       Demon blade       |       |       |       |   114 |       |       ||   114
       Double sword      |       |       |       |   219 |  1207 |   277 ||  1703
       Rapier            |       |       |       |       |    62 |       ||    62
       Scimitar          |       |       |       |       |       |   158 ||   158
Invok: Berserk           |     1 |     3 |     7 |     8 |    13 |     1 ||    33
       Trog's Hand       |       |     1 |       |     7 |     6 |     1 ||    15
       Brothers in Arms  |       |       |       |     2 |     1 |       ||     3
  Use: Scroll            |       |       |    23 |    13 |    19 |       ||    55
       Potion            |       |       |       |     1 |       |       ||     1
 Stab: Sleeping          |     1 |     1 |     1 |       |       |       ||     3
       Distracted        |       |       |     1 |       |       |       ||     1
       Petrified         |       |       |       |       |     7 |       ||     7
  Eat: Chunk             |     2 |     2 |    11 |    23 |    49 |     9 ||    96
       Bread ration      |       |     1 |     1 |     2 |     2 |     1 ||     7
       Pizza             |       |     1 |       |       |       |       ||     1
       Meat ration       |       |       |     1 |       |       |       ||     1
       Royal jelly       |       |       |       |     1 |     2 |       ||     3
Armor: Animal skin       |     3 |       |       |       |       |       ||     3
       Leather armour    |    11 |    18 |    87 |    13 |       |       ||   129
       Ring mail         |       |       |       |    63 |       |       ||    63
       Chain mail        |       |       |       |   186 |   718 |   262 ||  1166
Dodge: Dodged            |    32 |    50 |   180 |   255 |   575 |   275 ||  1367
Block: Buckler           |     3 |    16 |    89 |   156 |   248 |   107 ||   619
       Rpst.: Falchion   |     9 |    17 |    48 |       |       |       ||    74
       Long sword        |       |       |    23 |    32 |       |       ||    55
       Demon blade       |       |       |       |     5 |       |       ||     5
       Double sword      |       |       |       |    16 |   124 |    31 ||   171
       Scimitar          |       |       |       |       |       |    16 ||    16
